 Dungeon Crawl Stone Soup version 0.30.0-29-ga12c61a403 (webtiles) character file.

Game seed: 9787456422304453259

11116 safid the Frost Mage (level 11, -6/95 HPs)
             Began as a Merfolk Ice Elementalist on June 15, 2023.
             Was a Priest of Vehumet.
             Mangled by a centaur warrior
             ... wielding a +0 battleaxe
              (30 damage)
             ... on level 10 of the Dungeon on June 16, 2023.
             The game lasted 00:24:54 (12535 turns).

safid the Frost Mage (Merfolk Ice Elementalist)    Turns: 12535, Time: 00:24:55

Health: -6/95      AC: 18    Str:  9    XL:     11   Next: 72%
Magic:  22/23      EV: 14    Int: 18    God:    Vehumet [***...]
Gold:   895        SH:  0    Dex: 15    Spells: 19/26 levels left

rFire   . . .        q - +4 trident (freeze)
rCold   . . .        (no shield)
rNeg    . . .        x - +1 robe {Will+}
rPois   .            g - +0 helmet
rElec   .            (no cloak)
rCorr   .            B - +0 pair of gloves
SInv    .            (no boots)
Will    ++...        v - amulet of magic regeneration
Stlth   ++           i - +4 ring of protection
HPRegen 0.35/turn    E - ring of willpower
MPRegen 0.58/turn

%: no passive effects
@: ice-armoured
A: (nimble swimmer 2), mertail
a: Renounce Religion


You were on level 10 of the Dungeon.
You worshipped Vehumet.
Vehumet was most pleased with you.
You visited 2 branches of the dungeon, and saw 11 of its levels.
You also visited: Sewer.

You collected 895 gold pieces.

Inventory:

Hand Weapons
 a - the +1 rapier of Propriety {protect, Str+2 SInv}
   (You found it on level 7 of the Dungeon)

   Str:       It affects your strength (+2).
   SInv:      It lets you see invisible.
 q - a +4 trident of freezing (weapon)
Missiles
 n - 2 curare-tipped darts
Armour
 g - a +0 helmet (worn)
 x - a +1 robe of willpower (worn)
 B - a +0 pair of gloves (worn)
Jewellery
 i - a +4 ring of protection (left hand)
 v - an amulet of magic regeneration (around neck)
 E - a ring of willpower (right hand)
 J - a ring of flight
Wands
 y - a wand of paralysis (18)
 C - a wand of mindburst (15)
 I - a wand of polymorph (9)
 K - a wand of digging (6)
Scrolls
 d - 10 scrolls of teleportation
 e - a scroll of brand weapon {unknown}
 f - 4 scrolls of amnesia
 j - 3 scrolls of immolation {unknown}
 k - 2 scrolls of magic mapping
 l - 2 scrolls of enchant weapon {unknown}
 m - 6 scrolls of fear
 r - a scroll of vulnerability {unknown}
 A - 2 scrolls of blinking {unknown}
 D - 3 scrolls of enchant armour
 F - a scroll of fog {unknown}
 G - 2 scrolls of poison {unknown}
Potions
 b - a potion of magic
 c - a potion of cancellation {unknown}
 h - 2 potions of resistance {unknown}
 o - 5 potions of curing
 p - 5 potions of brilliance
 s - 3 potions of haste {unknown}
 t - 4 potions of lignification {unknown}
 u - a potion of degeneration {unknown}
 w - 2 potions of ambrosia {unknown}
 z - 3 potions of heal wounds
 H - 2 potions of invisibility {unknown}
 L - a potion of mutation {unknown}


   Skills:
 - Level 12.0 Fighting
 + Level 4.7 Dodging
 - Level 2.1 Stealth
 - Level 8.0 Spellcasting
 + Level 13.3 Ice Magic


You had 19 spell levels left.
You knew the following spells:

 Your Spells              Type           Power      Damage    Failure   Level
a - Freeze                Ice            100%       1d10      1%          1
b - Frozen Ramparts       Ice            100%       1d16      1%          3
c - Ozocubu's Armour      Ice            53%        N/A       1%          3

Your spell library contained the following spells:

 Spells                   Type           Power      Damage    Failure   Level
 Sticky Flame             Conj/Fire      7%         2d3       24%         4
 Poisonous Vapours        Pois/Air       14%        N/A       4%          2
 Summon Ice Beast         Ice/Summ       31%        N/A       6%          4
 Dazzling Flash           Conj/Hex       14%        N/A       8%          3
 Volatile Blastmotes      Fire/Tloc      14%        2d11      8%          3
 Beastly Appendage        Tmut           14%        N/A       10%         1
 Sting                    Tmut/Pois      28%        1d4       10%         1
 Wereblood                Tmut           7%         N/A       14%         2
 Fulminant Prism          Conj/Hex       3%         3d5       24%         4
 Iskenderun's Mystic Bla  Conj/Tloc      7%         2d4       24%         4
 Olgreb's Toxic Radiance  Pois           7%         N/A       24%         4
 Spider Form              Tmut/Pois      7%         N/A       28%         3
 Lee's Rapid Deconstruct  Erth           3%         3d5*      54%         5
 Starburst                Conj/Fire      3%         6d3       96%         6


Dungeon Overview and Level Annotations

Branches:
Dungeon (10/15)            Temple (1/1) D:6            Lair (0/5) D:8
    Orc (0/2) D:9           Sewer (visited)

Altars:
Ashenzari
Cheibriados
Dithmenos
Elyvilon
Fedhas
Gozag
Hepliaklqana
Kikubaaqudgha
Makhleb
Nemelex Xobeh
Okawaru
Qazlal
Ru
Sif Muna
Trog
Uskayaw
Vehumet
Wu Jian
Xom
Yredelemnul
Zin
The Shining One

Shops:
D:7 (

Annotations:
Temple 2 transporters


Innate Abilities, Weirdness & Mutations

((You are very nimble when in or above water. (Stealth+, EV+, Speed+++)))
Your lower body shifts to a powerful aquatic tail in water.


Message History

Confirm with . or Enter, or press ? or * to list all spells.
Casting: Frozen Ramparts (safe; 1% risk of failure)
Press: ? - help, Dir - look around, f - activate The walls around you are covered in ice.
The wall freezes the orc.
An orc is nearby!
You hit the orc. You freeze the orc.
You kill the orc!
Vehumet accepts your kill.
You feel your power returning.
No target in view!
The frozen ramparts melt away.
Found a roughly hewn altar of Beogh.
Items here: )) [[ ††.
Items here: ( ))))))))) [[[[[[ †††††††.
Items here: )))) [ ††.
You now have 895 gold pieces (gained 22).
Items here: ))))) ††.
Items here: )))) [ ††.
Items here: ( ))))))))) [[[[[[ †††††††.
A centaur warrior is nearby!
The centaur warrior shouts!
The centaur warrior drinks a potion.
The centaur warrior goes berserk!
The centaur warrior hits you with a +0 battleaxe!!
The centaur warrior kicks you.
Unknown command.
Casting: Frozen Ramparts (safe; 1% risk of failure)
Confirm with . or Enter, or press ? or * to list all spells.
A film of ice covers your body!
The centaur warrior hits you with a +0 battleaxe!
The centaur warrior kicks you but does no damage.
The centaur warrior hits you with a +0 battleaxe!
The centaur warrior kicks you but does no damage.
The centaur warrior hits you with a +0 battleaxe!
* * * LOW HITPOINT WARNING * * *
The centaur warrior kicks you but does no damage.
The centaur warrior misses you.
The centaur warrior kicks you but does no damage.
The centaur warrior hits you with a +0 battleaxe!!
You die...

############## #######
##............# ###########....))
#)............# #..............)#
#)####........# #.####...##.....#
#)...#........###c## #...#......#
#)...#..........@..# #...#......#
#....#.............###...#......#
#....####..........##...........#
#.._.# #########...............#
###### #..##......##.###
#..##......# #..##......#
#..######### #..#


You could see a centaur warrior (berserk).

Vanquished Creatures
  Erica (D:9)
  3 two-headed ogres
  Lodul (D:10)
  A gargoyle (D:10)
  A troll (D:10)
  A hornet (D:10)
  A vampire (D:9)
  3 wyverns (D:8)
  6 yaks (D:9)
  2 acid dragons
  4 water moccasins (D:8)
  3 sky beasts
  3 black bears
  An ice beast (D:5)
  7 orc warriors
  9 ogres
  2 centaurs
  3 wolves (D:8)
  A phantom (D:7)
  2 kobold brigands
  Blork the orc (D:6)
  2 bullfrogs
  A gnoll sergeant (D:10)
  2 scorpions
  28 wights
  3 howler monkeys
  An electric eel (D:7)
  3 hounds
  6 orc priests
  A sleepcap (D:6)
  6 iguanas
  A gnoll bouda (D:5)
  5 orc wizards
  A river rat (Sewer)
  3 adders
  10 gnolls
  A shadow imp (D:7)
  A white imp (D:7)
  An ufetubus (D:4)
  2 worms
  3 dart slugs
  41 orcs
  7 bats
  8 endoplasms
  3 giant cockroaches
  7 hobgoblins
  A jackal (Sewer)
  18 kobolds
  3 quokkas
  11 ball pythons
  2 frilled lizards (D:1)
  12 goblins
  9 rats
259 creatures vanquished.

Notes
Turn   | Place    | Note
-------+----------+-------------------------------------------
     0 | D:1      | safid the Merfolk Ice Elementalist began the quest for the
                  | Orb.
     0 | D:1      | Reached XP level 1. HP: 13/13 MP: 3/3
   142 | D:1      | Reached XP level 2. HP: 8/20 MP: 1/5
   206 | D:1      | Reached skill level 1 in Fighting
   486 | D:1      | Reached XP level 3. HP: 9/26 MP: 2/6
  1290 | D:2      | Reached skill level 5 in Ice Magic
  1362 | D:2      | Reached XP level 4. HP: 26/33 MP: 5/8
  1861 | D:3      | Found an ancient bone altar of Kikubaaqudgha.
  2123 | D:3      | Learned a level 3 spell: Frozen Ramparts
  2127 | D:3      | Learned a level 3 spell: Ozocubu's Armour
  2409 | D:4      | Noticed an ogre
  2411 | D:4      | Noticed a black bear
  2413 | D:4      | Killed an ogre
  2414 | D:4      | Reached XP level 5. HP: 22/41 MP: 2/10
  2415 | D:4      | Killed a black bear
  2416 | D:4      | Reached XP level 6. HP: 27/47 MP: 2/11
  2644 | D:4      | Reached skill level 6 in Ice Magic
  2785 | D:4      | Found a glowing golden altar of the Shining One.
  2878 | D:4      | Found a shimmering altar of Xom.
  2885 | D:4      | Found a bloodstained altar of Trog.
  3024 | D:4      | Reached XP level 7. HP: 54/54 MP: 5/13
  3242 | D:4      | Found a hide-covered altar of Uskayaw.
  3380 | D:5      | Entered Level 5 of the Dungeon
  3615 | D:5      | Found a glowing drain.
  3627 | Sewer    | Entered a sewer
  3711 | Sewer    | Reached skill level 5 in Fighting
  3711 | Sewer    | Reached skill level 7 in Ice Magic
  3756 | Sewer    | Found a white marble altar of Elyvilon.
  4459 | D:5      | Reached XP level 8. HP: 45/62 MP: 7/15
  4575 | D:5      | Reached skill level 5 in Spellcasting
  4982 | D:6      | Found a burning altar of Makhleb.
  5209 | D:6      | Found a staircase to the Ecumenical Temple.
  5219 | Temple   | Entered the Ecumenical Temple
  5219 | Temple   | Found a transporter.
  5219 | Temple   | Found a transporter.
  5221 | Temple   | Found a transporter.
  5221 | Temple   | Found a transporter.
  5244 | Temple   | Became a worshipper of Vehumet
  5405 | D:6      | Reached skill level 8 in Ice Magic
  5637 | D:6      | Noticed Blork the orc
  5649 | D:6      | Killed Blork the orc
  5772 | D:6      | Reached XP level 9. HP: 50/71 MP: 12/18
  6057 | D:6      | Noticed a two-headed ogre
  6074 | D:6      | Killed a two-headed ogre
  6075 | D:6      | Reached skill level 9 in Ice Magic
  6261 | D:6      | Found a white marble altar of Elyvilon.
  6261 | D:6      | Found an opulent altar of Gozag.
  6261 | D:6      | Found a basalt altar of Yredelemnul.
  6261 | D:6      | Found a blossoming altar of Fedhas.
  6661 | D:7      | Found an iron altar of Okawaru.
  6682 | D:7      | Found Qikeecw's Antique Weapon Emporium.
  6986 | D:7      | Found a sacrificial altar of Ru.
  7388 | D:7      | Reached * piety under Vehumet
  7388 | D:7      | Offered knowledge of Magic Dart by Vehumet.
  7961 | D:7      | Reached XP level 10. HP: 59/76 MP: 14/21
  8362 | D:7      | Identified the +1 rapier of Propriety {protect, Str+2 SInv}
  8539 | D:8      | Reached skill level 10 in Ice Magic
  8933 | D:8      | Found a staircase to the Lair.
  9139 | D:8      | Noticed a two-headed ogre
  9151 | D:8      | Killed a two-headed ogre
  9341 | D:8      | Reached skill level 10 in Fighting
  9341 | D:8      | Reached skill level 11 in Ice Magic
  9682 | D:8      | Reached ** piety under Vehumet
  9682 | D:8      | Offered knowledge of Shock by Vehumet.
 10385 | D:9      | Found a broken altar of Ashenzari.
 10531 | D:9      | Found a staircase to the Orcish Mines.
 10773 | D:9      | Reached XP level 11. HP: 70/92 MP: 21/23
 10777 | D:9      | Reached skill level 12 in Ice Magic
 11083 | D:9      | Found a sparkling altar of Nemelex Xobeh.
 11245 | D:9      | Noticed Erica
 11254 | D:9      | Killed Erica
 11502 | D:10     | Entered Level 10 of the Dungeon
 11504 | D:10     | Noticed a skeletal warrior
 11516 | D:10     | Noticed a centaur warrior
 11517 | D:10     | Noticed Lodul
 11533 | D:10     | Killed Lodul
 11745 | D:10     | Noticed a two-headed ogre
 11754 | D:10     | Killed a two-headed ogre
 11754 | D:10     | Offered knowledge of Stone Arrow by Vehumet.
 11755 | D:10     | Reached skill level 13 in Ice Magic
 12031 | D:10     | Found an ornate altar of the Wu Jian Council.
 12082 | D:10     | Paralysed by a hornet for 1 turns
 12321 | D:10     | Reached *** piety under Vehumet
 12461 | D:10     | Offered knowledge of Sticky Flame by Vehumet.
 12535 | D:10     | Mangled by a centaur warrior

Illustrated notes

Levels and vault maps discovered:
D:1:      tarquinn_simple_flora_water_a, layout_basic
D:2:      layout_rooms, kennysheep_decorative_pillar, st_stairs_6
D:3:      layout_basic, nicolae_kikubaaqudgha_miasma_corner
D:4:      layout_loops_ring, amcnicky_altar_gilded, nicolae_uskayaw_suspiria,
          kennysheep_mini, mainiacjoe_overflow_concentric_impassable,
          kennysheep_nub, minmay_increasing_density
D:5:      layout_basic, cheibrodos_sewer_entry_sluice
D:6:      layout_loops_corners, grunt_temple_overflow_cloverleaf,
          lemuel_crystal_altar, temple_fountains, uniq_blork_the_orc
D:7:      layout_gridville, mainiacjoe_overflow_surrounded_room,
          lemuel_doored_altar, serial_shops, nicolae_shop_window_shopping,
          wad_floor_pattern_untrapped, grunt_ministairs_14, water_maze_lemuel
D:8:      layout_basic, minmay_lair_entry_grove
D:9:      layout_basic, nicolae_ashenzari_skybound,
          nicolae_overflow_crystal_walls, orc_0_dummy, uniq_erica
D:10:     layout_basic, nzn_wu_jian_council_hall, serial_shops,
          nicolae_shop_advertising_works [nicolae_subvault_shop_adworks],
          special_room [special_room_orc], minmay_shop_mayhem,
          minmay_fractal_squares_gapless_7, uniq_lodul
Temple:   hellmonk_temple_divided_pantheon

Skill      XL: |  1  2  3  4  5  6  7  8  9 10 11 |
---------------+----------------------------------+-----
Fighting       | 1 2 3 4 5 6 8 10 12 | 12.0
Ice Magic      | 5 6 7 8 9 11 13 | 13.3
Spellcasting   | 3 4 6 7 8 |  8.0
Dodging        | 4 |  4.7
Stealth        | |  2.1

Action                     |  1- 3 |  4- 6 |  7- 9 | 10-12 || total
---------------------------+-------+-------+-------+-------++-------
  Melee: Dagger            |    62 |    10 |       |       ||    72
         Unarmed           |     1 |       |       |       ||     1
         Broad axe         |       |    45 |   181 |    47 ||   273
         Punch             |       |     1 |     4 |     3 ||     8
         Tailslap          |       |       |     1 |       ||     1
         Trident           |       |       |       |   130 ||   130
   Cast: Freeze            |    56 |     5 |    23 |    26 ||   110
         Frozen Ramparts   |       |     4 |    35 |    50 ||    89
         Ozocubu's Armour  |       |     1 |    24 |    38 ||    63
    Use: Scroll            |       |       |     6 |     2 ||     8
         Potion            |       |       |     2 |       ||     2
   Stab: Sleeping          |     3 |     3 |     2 |       ||     8
 Armour: Robe              |    28 |    32 |   121 |    86 ||   267
  Dodge: Dodged            |    68 |    41 |   183 |   155 ||   447
